 Dungeon Crawl Stone Soup version 0.30.1 (webtiles) character file.

Game seed: 9708415418439138867

310 safid the Chiller (level 6, -6/48 HPs)
             Began as a Merfolk Ice Elementalist on July 12, 2023.
             Mangled by Menkaure (8 damage)
             ... on level 4 of the Dungeon.
             The game lasted 00:04:02 (2854 turns).

safid the Chiller (Merfolk Ice Elementalist)        Turns: 2854, Time: 00:04:03

Health: -6/48      AC:  8    Str:  8    XL:     6   Next: 41%
Magic:  2/11       EV: 12    Int: 16    God:
Gold:   199        SH:  0    Dex: 15    Spells: 5/12 levels left

rFire   . . .        f - +2 hand axe (elec)
rCold   . . .        (no shield)
rNeg    . . .        a - +0 robe
rPois   .            (no helmet)
rElec   .            (no cloak)
rCorr   .            (no gloves)
SInv    .            (no boots)
Will    .....        (no amulet)
Stlth   ++           (no ring)
HPRegen 0.28/turn    (no ring)
MPRegen 0.12/turn

%: no passive effects
@: ice-armoured
A: (nimble swimmer 2), mertail
a: no special abilities


You were on level 4 of the Dungeon.
You visited 1 branch of the dungeon, and saw 4 of its levels.
You also visited: Sewer.

You collected 199 gold pieces.

Inventory:

Hand Weapons
 f - a +2 hand axe of electrocution (weapon)
Armour
 a - a +0 robe (worn)
Wands
 g - a wand of paralysis (3)
Scrolls
 d - 2 scrolls of noise {unknown}
 e - 3 scrolls of identify {unknown}
 h - 2 scrolls of fear {unknown}
 i - a scroll of immolation {unknown}
 j - a scroll of amnesia {unknown}
 l - a scroll of teleportation {unknown}
 r - a scroll of brand weapon {unknown}
 t - a scroll of enchant weapon {unknown}
 u - a scroll of fog {unknown}
 v - a scroll of magic mapping {unknown}
Potions
 b - a potion of magic
 c - a potion of mutation {unknown}
 k - 2 potions of curing {unknown}
 m - 2 potions of heal wounds {unknown}
 n - a potion of haste {unknown}
 o - a potion of resistance {unknown}
 p - 2 potions of might {unknown}
 q - a potion of cancellation {unknown}
 s - 2 potions of degeneration {unknown}


   Skills:
 + Level 3.7 Fighting
 - Level 2.6 Dodging
 - Level 2.1 Stealth
 + Level 3.8 Spellcasting
 + Level 5.9 Ice Magic


You had 5 spell levels left.
You knew the following spells:

 Your Spells              Type           Power      Damage    Failure   Level
a - Freeze                Ice            88%        1d9       1%          1
b - Frozen Ramparts       Ice            44%        1d7       4%          3
c - Ozocubu's Armour      Ice            22%        N/A       4%          3

Your spell library contained the following spells:

 Spells                   Type           Power      Damage    Failure   Level
 Apportation              Tloc           6%         N/A       17%         1
 Necrotise                Necr           12%        1d4       17%         1
 Summon Small Mammal      Summ           12%        N/A       17%         1
 Blink                    Tloc           6%         N/A       26%         2
 Lesser Beckoning         Tloc           6%         N/A       26%         2
 Momentum Strike          Conj/Tloc      6%         3d8       26%         2
 Poisonous Vapours        Pois/Air       6%         N/A       26%         2
 Mephitic Cloud           Conj/Pois/Air  3%         N/A       45%         3
 Summon Ice Beast         Ice/Summ       12%        N/A       45%         4
 Freezing Cloud           Conj/Ice/Air   4%         6-21      91%         5


Dungeon Overview and Level Annotations

Branches:
Dungeon (4/15)              Sewer (visited)
 Temple: D:4-7

Altars:
Kikubaaqudgha

Annotations:
D:4 Menkaure


Innate Abilities, Weirdness & Mutations

((You are very nimble when in or above water. (Stealth+, EV+, Speed+++)))
Your lower body shifts to a powerful aquatic tail in water.


Message History

Unknown command.
Casting: Frozen Ramparts (dangerous; 4% risk of failure)
Confirm with . or Enter, or press ? or * to list all spells.
A film of ice covers your body!
Menkaure resists.
The wall freezes Menkaure.
Menkaure hits you!
Menkaure resists.
The wall freezes Menkaure.
Menkaure closely misses you.
Menkaure resists.
The wall freezes Menkaure.
Menkaure barely misses you.
Unknown command.
Casting: Ozocubu's Armour (dangerous; 4% risk of failure)
Confirm with . or Enter, or press ? or * to list all spells.
Aiming: Freeze (safe; 1% risk of failure)
Press: ? - help, Shift-Dir - straight line, f - Menkaure
Aim: Menkaure (moderately damaged, fast)
You freeze Menkaure.
Menkaure resists.
Menkaure is heavily damaged.
Menkaure resists.
The wall freezes Menkaure.
Menkaure hits you!
* * * LOW HITPOINT WARNING * * *
Casting: Freeze (safe; 1% risk of failure)
Confirm with . or Enter, or press ? or * to list all spells.
Aiming: Freeze (safe; 1% risk of failure)
Press: ? - help, Shift-Dir - straight line, f/p - Menkaure
Aim: Menkaure (heavily damaged, fast)
You freeze Menkaure but do no damage.
Menkaure completely resists.
Menkaure resists.
The wall freezes Menkaure.
Menkaure misses you.
Unknown command.
Casting: Freeze (safe; 1% risk of failure)
Confirm with . or Enter, or press ? or * to list all spells.
Aiming: Freeze (safe; 1% risk of failure)
Press: ? - help, Shift-Dir - straight line, f/p - Menkaure
Aim: Menkaure (heavily damaged, fast)
You freeze Menkaure.
Menkaure resists.
Menkaure is severely damaged.
Menkaure resists.
The wall freezes Menkaure.
Menkaure barely misses you.
Unknown command.
You hit Menkaure.
Menkaure is almost destroyed.
The frozen ramparts melt away.
Menkaure hits you!
* * * LOW HITPOINT WARNING * * *
Menkaure hits you!
You die...

##### ######
#...###...... #######
###............ ......#
#.............. ......#
#.##...#....... #####.#
#.#....@.......
#####.####.##...#M......
#..............##.......
#.###.####........######
#.###.# #####.####
......# ##+# #.#####
##...## #.# ##.....##
... ##.......##


You could see Menkaure (fast).

Vanquished Creatures
  Pargi (Sewer)
  An ogre (D:4)
  Jessica (D:3)
  2 adders
  A dart slug (D:1)
  An orc (D:4)
  6 ball pythons
  6 endoplasms
  5 giant cockroaches
  5 goblins
  5 hobgoblins
  9 jackals
  4 quokkas
  5 bats
  11 frilled lizards
  6 kobolds
  6 rats
75 creatures vanquished.

Notes
Turn   | Place    | Note
-------+----------+-------------------------------------------
     0 | D:1      | safid the Merfolk Ice Elementalist began the quest for the
                  | Orb.
     0 | D:1      | Reached XP level 1. HP: 13/13 MP: 3/3
   292 | D:1      | Reached XP level 2. HP: 19/20 MP: 3/5
   298 | D:1      | Reached skill level 1 in Fighting
   674 | D:1      | Reached XP level 3. HP: 26/26 MP: 6/6
   884 | D:2      | Learned a level 3 spell: Frozen Ramparts
   891 | D:2      | Learned a level 3 spell: Ozocubu's Armour
  1110 | D:2      | Reached XP level 4. HP: 29/33 MP: 8/8
  1243 | D:2      | Reached skill level 5 in Ice Magic
  1317 | D:2      | Found a faded altar of an unknown god.
  1434 | D:3      | Found a glowing drain.
  1455 | Sewer    | Entered a sewer
  1497 | Sewer    | Noticed Pargi
  1506 | Sewer    | Killed Pargi
  1507 | Sewer    | Reached XP level 5. HP: 19/40 MP: 1/10
  2044 | D:3      | Found an ancient bone altar of Kikubaaqudgha.
  2160 | D:3      | Noticed Jessica
  2166 | D:3      | Killed Jessica
  2578 | D:4      | Noticed an ogre
  2584 | D:4      | Killed an ogre
  2585 | D:4      | Reached XP level 6. HP: 22/48 MP: 2/11
  2838 | D:4      | Noticed Menkaure
  2854 | D:4      | HP: 2/48 [Menkaure (8)]
  2854 | D:4      | Mangled by Menkaure

Illustrated notes

Levels and vault maps discovered:
D:1:      dpeg_arrival_oval, layout_basic, minmay_strange_pillars
D:2:      layout_rooms, shapermc_ecumenical_altar_flowoftime,
          dreamdust_princess_corridor, chequers_mini_garden
D:3:      layout_rooms, kiku_gazebo_garden_becter, portal_sewer_entry_f,
          uniq_jessica
D:4:      layout_loops_corners, uniq_menkaure

Skill      XL: |  1  2  3  4  5 |
---------------+----------------+-----
Fighting       | 1 2 3 |  3.7
Ice Magic      | 5 |  5.9
Spellcasting   | 3 |  3.8
Dodging        | |  2.6
Stealth        | |  2.1

Action                     |  1- 3 |  4- 6 || total
---------------------------+-------+-------++-------
  Melee: Dagger            |    14 |       ||    14
         Hand axe          |    46 |    48 ||    94
         Tailslap          |       |     4 ||     4
   Cast: Freeze            |    26 |    20 ||    46
         Frozen Ramparts   |       |     4 ||     4
         Ozocubu's Armour  |       |     2 ||     2
   Stab: Sleeping          |     4 |     3 ||     7
 Armour: Robe              |    11 |    12 ||    23
  Dodge: Dodged            |    56 |    44 ||   100
